Map: Ephemeron LE

Players

Mortlock

  • Race: Terran Terran
  • League: Silver
  • Spawn Location: 5:00

A.I. 1 (Very Easy) - Winner!

  • Race: Terran Terran
  • Spawn Location: 11:00

VOD

Have the link to the VOD?

Description

Test Upload

Time

  • Played on: Dec. 23, 2019, 6:57 a.m.
  • Length: 5:38
Show
View Real Time Build Order
Export as new Build Order

Mortlock Terran 

Build Orders:  

Get SALT Encoding   

  12  0:01  SCV  
  13  0:13  SCV  
  14  0:17  Supply Depot  
  14  0:25  SCV  
  15  0:38  SCV  
  15  0:40  Barracks  
  16  0:44  Refinery  
  16  0:50  SCV  
  17  1:03  SCV  
  18  1:15  SCV  
  19  1:27  Orbital Command  
  19  1:28  Barracks Reactor  
  19  1:44  Command Center  
  19  1:54  Supply Depot  
  19  1:55  SCV  
  20  2:07  SCV  
  21  2:10  Barracks  
  21  2:15  Marine x2  
  21  2:19  SCV  
  24  2:27  Barracks  
  24  2:33  Marine  
  24  2:34  Marine  
  24  2:35  SCV  
  27  2:48  SCV  
  28  2:51  Marine x2  
  30  2:59  Barracks Tech Lab  
  30  3:03  SCV  
  31  3:10  Orbital Command  
  31  3:14  Barracks Reactor  
  31  3:17  Factory  
  31  3:18  SCV  
  32  3:21  Refinery  
  32  3:35  SCV  
  32  3:37  Supply Depot, SCV  
  32  3:40  Marine x2  
  32  3:41  Marine  
  37  3:42  Stimpack  
  37  3:47  SCV  
  38  3:53  SCV  
  39  3:59  SCV  
  40  4:03  Starport  
  40  4:04  Factory Reactor  
  40  4:05  Marine x2  
  40  4:06  Marine x3  
  45  4:15  Supply Depot  
  45  4:16  SCV  
  46  4:18  SCV  
  47  4:27  Marine x2  
  47  4:28  Marine x3, SCV  
  53  4:37  Supply Depot  
  53  4:40  SCV  
  54  4:47  Medivac  
  54  4:48  Medivac  
  54  4:50  Factory Reactor  
  58  4:54  SCV  
  59  5:00  SCV  
  59  5:05  Supply Depot, Refinery  
  59  5:06  SCV  
  61  5:07  Refinery  
  61  5:11  Barracks  
  61  5:12  SCV  
  61  5:13  Barracks  
  62  5:18  SCV  
  63  5:24  SCV  
Show
View Real Time Build Order
Export as new Build Order

A.I. 1 (Very Easy) Terran - Winner!

Build Orders:  

Get SALT Encoding   

  12  0:00  SCV  
  13  0:13  SCV  
  14  0:18  Supply Depot  
  14  0:37  Refinery  
  14  0:41  Barracks  
  14  1:04  Supply Depot  
  14  1:12  Refinery  
  14  1:29  SCV  
  14  1:30  Marine  
  16  1:41  SCV  
  17  1:53  SCV  
  18  2:05  Marine, SCV  
  20  2:18  SCV  
  21  2:30  SCV  
  22  2:40  Marine  
  22  2:42  Orbital Command  
Tags
 
League
Silver
Matchup
TvT
Race
Terran
Spawn Locations
Cross Positions
Add a new tag
Caveats
  • Supply blocks, unpowered buildings, or Contaminate may cause inaccurate times.
  • Supply counts are checked every 10 seconds.